 Dungeon Crawl Stone Soup version 0.22-a0-93-g6b88ebb (webtiles) character file.

76802 4thArraOfDagon the Gouger (level 15, -1/88 HPs)
             Began as a Felid Wanderer on Jan 23, 2018.
             Was the Champion of Dithmenos.
             Shot with an arrow by a deep elf master archer (25 damage)
             ... on level 3 of the Elven Halls.
             The game lasted 01:33:41 (16222 turns).

4thArraOfDagon the Gouger (Felid Wanderer)         Turns: 16222, Time: 01:33:41

Health: -1/88      AC: 26    Str: 18    XL:     15   Next: 13%
Magic:  25/28      EV: 28    Int: 21    God:    Dithmenos [******]
Gold:   1033       SH:  0    Dex: 17    Spells: 8/30 levels left
                                        Lives:  0   Deaths: 4

rFire    . . .     SeeInvis +     - Unarmed
rCold    . . .     Gourm    .   (shield unavailable)
rNeg     + . .     Faith    .   (armour unavailable)
rPois    ∞         Spirit   .   (helmet unavailable)
rElec    +         Reflect  .   (cloak unavailable)
rCorr    .         Harm     .   (gloves unavailable)
MR       +++..                  (boots unavailable)
Stlth    ++++++++++             a - amulet of magic regeneration
HPRegen  1.24/turn              M - +3 ring of slaying
MPRegen  0.46/turn              I - ring "Baxay" {MR+ Str+7 Slay+3 SInv Stlth+}

@: mighty, statue-form, very slightly contaminated, regenerating, wreathed by
umbra, very slow
A: very small, no armour, no weapons or thrown items, stealth, claws 1, fangs 3,
see invisible, carnivore, slow metabolism 1, sharp paws
a: End Transformation, Shadow Step, Shadow Form, Renounce Religion


You were on level 3 of the Elven Halls.
You worshipped Dithmenos.
Dithmenos was exalted by your worship.
You were full.
You were a stone statue.
You visited 4 branches of the dungeon, and saw 25 of its levels.
You also visited: Sewer, Ice Cave and Volcano.

You collected 4119 gold pieces.
You spent 3086 gold pieces at shops.

Inventory:

Jewellery
 a - an amulet of magic regeneration (around neck)
 j - an uncursed ring of positive energy
 n - an uncursed amulet of harm {unknown}
 r - an uncursed ring of ice
 u - an uncursed ring of resist corrosion
 x - a +3 ring of dexterity
 I - the ring "Baxay" (right paw) {MR+ Str+7 Slay+3 SInv Stlth+}
   (You bought it in a shop on level 3 of the Elven Halls)

   [ring of stealth]

   It affects your strength (+7).
   It affects your accuracy and damage with ranged weapons and melee attacks
   (+3).
   It affects your resistance to hostile enchantments.
   It lets you see invisible.
   It makes you more stealthy.
 J - an uncursed ring of ice
 K - an uncursed amulet of the gourmand {unknown}
 M - a +3 ring of slaying (left paw)
 N - an uncursed amulet of faith
 O - an uncursed amulet of rage {unknown}
Wands
 i - a wand of digging (25)
 v - a wand of disintegration (29)
 y - a wand of polymorph (14)
 A - a wand of paralysis (31)
 C - a wand of iceblast (5)
 D - a wand of acid (5)
Scrolls
 b - 9 scrolls of teleportation
 c - a scroll of holy word
 f - 10 scrolls of remove curse
 g - a scroll of blinking
 h - 3 scrolls of torment
 o - 5 scrolls of fog
 q - 2 scrolls of amnesia
 t - 2 scrolls of enchant weapon
 B - 4 scrolls of magic mapping
 G - 4 scrolls of identify
 H - a scroll of brand weapon {unknown}
 L - a scroll of vulnerability
Potions
 e - 3 potions of curing
 l - 3 potions of magic
 m - a potion of might
 p - 3 potions of ambrosia
 s - a potion of mutation
 w - 3 potions of flight
 F - a potion of cancellation
Books
 z - a book of Changes

   Spells                             Type                      Level
   a - Beastly Appendage              Transmutation                1
   b - Sticks to Snakes               Transmutation                2
   c - Spider Form                    Transmutation/Poison         3
   d - Ice Form                       Ice/Transmutation            4
   e - Blade Hands                    Transmutation                5
 E - a book of Unlife

   Spells                             Type                      Level
   a - Recall                         Summoning/Translocation      3
   b - Animate Dead                   Necromancy                   4
   c - Borgnjor's Vile Clutch         Necromancy/Earth             5
   d - Death Channel                  Necromancy                   6
   e - Simulacrum                     Ice/Necromancy               6
Miscellaneous
 k - a fan of gales
Comestibles
 d - 23 rations


   Skills:
 + Level 9.4 Fighting
 + Level 12.6 Dodging
 + Level 13.8 Stealth
 * Level 14.3 Unarmed Combat
 - Level 8.0 Spellcasting
 - Level 9.0 Necromancy
 - Level 10.1 Transmutations
 - Level 12.6 Earth Magic
 - Level 9.0 Invocations


You had 8 spell levels left.
You knew the following spells:

 Your Spells              Type           Power        Failure   Level  Hunger
a - Vampiric Draining     Necr           #####.....   1%          3    None
b - Regeneration          Chrm/Necr      ####......   3%          3    None
c - Blade Hands           Tmut           ######....   3%          5    #####..
d - Statue Form           Tmut/Erth      ######...    12%         6    ######.
e - Borgnjor's Vile Clut  Necr/Erth      ######....   2%          5    #####..


Dungeon Overview and Level Annotations

Branches:
Dungeon (14/15)            Temple (0/1) D:6            Lair (6/6) D:10
 Shoals (0/4) Lair:3        Snake (0/4) Lair:2        Slime (0/5) Lair:5
    Orc (2/2) D:10            Elf (3/3) Orc:2
 Vaults: D:13-14

Altars:
Dithmenos
Elyvilon
Fedhas
Gozag
Kikubaaqudgha
Qazlal
Trog
Vehumet
The Shining One

Shops:
D:5 [?*?:   D:9 }(   D:11 *   Orc:2 *[*?*   Elf:1 [[%?(   Elf:3 ==}

Annotations:
D:6 Duvessa
D:12 Nergalle
Elf:2 3 runed doors


Innate Abilities, Weirdness & Mutations

You cannot wear armour.
You are incapable of wielding weapons or throwing items.
Your paws allow you to move quietly. (Stealth)
You have sharp claws.
You have razor-sharp teeth.
You have supernaturally acute eyesight. (SInv)
You are carnivorous and can eat meat at any time.
((You cover ground quickly.))
((Your thick and shaggy fur keeps you warm. (AC +3, rC+)))
You have a slow metabolism.
Your sharp claws are effective at attacking unaware monsters.


Message History

The deep elf master archer is moderately wounded.
The deep elf master archer shoots an arrow.
The arrow hits you!!
Unknown command.
You closely miss the deep elf master archer.
The deep elf master archer is moderately wounded.
The deep elf master archer shoots an arrow.
The arrow hits you.
The deep elf master archer shoots an arrow.
The arrow hits you.
* * * LOW HITPOINT WARNING * * *
Unknown command.
Unknown command.
Unknown command.
Unknown command.
Unknown command.
You feel very mighty all of a sudden.
The deep elf master archer shoots an arrow.
The arrow hits you!!
You die...

.........#*,,***#.......e...#**,,
####.....#*,***,,,,,*#e#*,,,,,,**
##...##*,*,,,,,***#.#***,,,,,*
##.## *,,,,,*#####.# ***,,,, #'#
*,,,***#)..#(# ***,, #.# *,*##
#.).#.# *** ###.# ***#(# #.))#.##
* #...# #.###.)e..# ### # #.###
#8#.#)..## #.. ## #.# ##e###...##
#.. .# #.# #.###.....## #..
.###'## #.# #.......#####..
..#...## ##.# #...)....'.....
..##...## #.# #........####'#
#..#....## ### #..)...........
#..#.....## #..............
#.........## ##..(..........


You could see a deep elf master archer.

Vanquished Creatures
  Bai Suzhen (Elf:3)
  Nikola (Elf:3)
  2 deep elf blademasters (Elf:3)
  A deep elf master archer (Elf:3)
  Roxanne (Elf:1)
  A fire giant (D:11)
  3 deep elf sorcerers
  Aizul (Elf:1)
  A frost giant (IceCv)
  5 deep elf elementalists (Elf:3)
  9 deep elf demonologists
  6 deep elf annihilators (Elf:3)
  3 deep elf death magi
  Snorg (D:13)
  2 deep elf high priests
  Fannar (Lair:1)
  Erica (D:8)
  A centaur warrior (Volcano)
  An ogre mage (D:11)
  16 dancing weapons
  7 two-headed ogres
  5 orc high priests
  10 death yaks
  10 deep elf knights
  A large abomination (Elf:3)
  A flayed ghost (D:11)
  12 deep elf archers
  4 orc knights (Orc:2)
  5 orc sorcerers (Orc:2)
  3 ugly things
  33 deep elf magi
  2 cyclopes
  A manticore (Lair:3)
  Joseph (D:7)
  Maurice (Orc:2)
  8 elephants
  2 black mambas
  11 spiny frogs
  10 komodo dragons
  3 rime drakes
  2 yaktaurs
  3 trolls
  16 polar bears (IceCv)
  Grinder (D:4)
  Prince Ribbit (Lair:1)
  2 hornets
  14 blink frogs
  6 hippogriffs
  4 dream sheep (Lair:6)
  3 spriggans (Lair:6)
  A tarantella (shapeshifter) (Elf:1)
  2 air elementals
  30 yaks
  A water elemental (Elf:1)
  A wyvern (Lair:6)
  Eustachio (D:6)
  A fire bat (Volcano)
  2 fire elementals
  2 steam dragons (Lair:6)
  A basilisk (Lair:6)
  2 vampire mosquitoes (D:13)
  A hungry ghost (D:13)
  5 wargs
  2 soldier ants
  6 water moccasins
  3 porcupines
  A phantom (D:8)
  4 hell hounds (Lair:6)
  11 ice beasts
  A hornet zombie (D:13)
  A sky beast (D:13)
  24 orc warriors
  Purgy (Sewer)
  A black bear (D:9)
  11 ogres
  An eye of draining (D:12)
  18 wolves
  2 centaurs (D:9)
  6 crocodiles
  8 big kobolds
  10 bullfrogs
  2 gnoll sergeants (D:10)
  7 earth elementals
  A wyvern zombie (D:11)
  2 scorpions
  Dowan (D:6)
  9 killer bees
  2 howler monkeys (D:9)
  3 wights (D:9)
  4 crimson imps
  A lava snake (Volcano)
  10 hounds
  A quasit (D:12)
  6 jellies
  A centaur skeleton (D:4)
  14 orc priests
  3 bullfrog skeletons
  Ijyb (D:4)
  3 worker ants
  Natasha (twice) (D:3)
  4 iguanas
  25 orc wizards
  A hound skeleton (D:5)
  A howler monkey zombie (D:10)
  Robin (D:4)
  10 adders
  13 gnolls
  6 shadow imps
  An ooze (D:1)
  An adder skeleton (D:4)
  2 worms
  3 dart slugs (D:1)
  6 leopard geckos
  74 orcs
  4 giant cockroaches
  13 goblins
  7 hobgoblins
  13 jackals
  17 kobolds
  6 quokkas
  7 ball pythons
  3 bats
  7 frilled lizards
  A leopard gecko skeleton (D:6)
  A leopard gecko zombie (D:4)
  A quokka skeleton (D:7)
  12 rats
  A crawling corpse (Elf:3)
715 creatures vanquished.

Vanquished Creatures (others)
  A deep elf mage (Elf:1)
  A centaur skeleton (D:13)
  A polar bear (IceCv)
  A centaur simulacrum (D:13)
  13 fungi
  19 plants
36 creatures vanquished.

Grand Total: 751 creatures vanquished

Notes
Turn   | Place    | Note
-------+----------+-------------------------------------------
     0 | D:1      | 4thArraOfDagon the Felid Wanderer began the quest for the Orb.
     0 | D:1      | 4thArraOfDagon set off with: a potion of heal wounds, a scroll of teleportation, a potion of lignification, a ration
     0 | D:1      | Reached XP level 1. HP: 10/10 MP: 2/2
   134 | D:2      | Reached XP level 2. HP: 7/14 MP: 3/3
   459 | D:1      | Reached XP level 3. HP: 16/17 MP: 4/4
   812 | D:3      | Found a blossoming altar of Fedhas.
   812 | D:3      | Noticed Natasha
   827 | D:3      | Killed Natasha
   827 | D:3      | Reached XP level 4. HP: 11/21 MP: 5/5
   830 | D:3      | Reached skill level 5 in Unarmed Combat
   849 | D:3      | Noticed Natasha
   854 | D:3      | Killed Natasha
   962 | D:4      | Noticed Ijyb
   966 | D:4      | Noticed an ogre
   972 | D:4      | Killed Ijyb
   972 | D:4      | Reached XP level 5. HP: 24/24 MP: 6/6
   976 | D:4      | Killed an ogre
   987 | D:4      | Reached skill level 5 in Stealth
   987 | D:4      | Gained mutation: You are covered in thick fur. (AC +2) [Felid growth]
   987 | D:4      | Reached XP level 6. HP: 28/28 MP: 7/7
  1071 | D:4      | Reached skill level 6 in Unarmed Combat
  1192 | D:4      | Found an opulent altar of Gozag.
  1195 | D:4      | Noticed Grinder
  1223 | D:5      | Entered Level 5 of the Dungeon
  1239 | D:5      | Found Ukao's Magic Scroll Emporium.
  1242 | D:5      | HP: 1/28 [adder (3)]
  1244 | D:5      | Bought a scroll of blinking for 105 gold pieces
  1247 | D:5      | Found Buoluw's General Store.
  1324 | D:5      | Found Ovvaxit's Magic Scroll Shop.
  1345 | D:5      | Bought a scroll of fear for 42 gold pieces
  1369 | D:5      | Found Ynaet's Armour Boutique.
  1431 | D:4      | Found a shadowy altar of Dithmenos.
  1436 | D:4      | Became a worshipper of Dithmenos the Shadowed
  1471 | D:4      | Found a glowing drain.
  1498 | Sewer    | Entered a sewer
  1577 | Sewer    | Noticed Purgy
  1594 | Sewer    | Killed Purgy
  2035 | D:2      | Reached XP level 7. HP: 28/31 MP: 8/8
  2101 | D:2      | Reached * piety under Dithmenos
  2168 | D:3      | Reached skill level 5 in Dodging
  2171 | D:3      | Found an ancient bone altar of Kikubaaqudgha.
  2218 | D:4      | Killed Grinder
  2218 | D:4      | Reached skill level 7 in Unarmed Combat
  2218 | D:4      | Reached skill level 1 in Invocations
  2263 | D:4      | Found a radiant altar of Vehumet.
  2531 | D:4      | Noticed Robin
  2549 | D:4      | Killed Robin
  2549 | D:4      | Reached ** piety under Dithmenos
  2604 | D:5      | Found Enoufu's Book Emporium.
  2706 | D:5      | Reached XP level 8. HP: 32/34 MP: 10/10
  2874 | D:6      | Noticed Eustachio
  2892 | D:6      | Killed Eustachio
  2953 | D:6      | Learned a level 3 spell: Vampiric Draining
  2957 | D:6      | Learned a level 3 spell: Regeneration
  2970 | D:6      | Noticed Dowan
  2970 | D:6      | Noticed Duvessa
  3008 | D:6      | Found a faded altar of an unknown god.
  3008 | D:6      | Found a stormy altar of Qazlal.
  3013 | D:6      | Found a bloodstained altar of Trog.
  3015 | D:6      | Found a faded altar of an unknown god.
  3016 | D:6      | Found a blossoming altar of Fedhas.
  3149 | D:7      | Reached skill level 1 in Necromancy
  3207 | D:7      | Noticed Joseph
  3213 | D:7      | Killed Joseph
  3213 | D:7      | Reached skill level 8 in Unarmed Combat
  3445 | D:7      | Noticed a hippogriff
  3547 | D:7      | Killed a hippogriff
  3547 | D:7      | Reached XP level 9. HP: 39/39 MP: 12/12
  3781 | D:8      | Reached *** piety under Dithmenos
  3857 | D:8      | Noticed a two-headed ogre
  3872 | D:8      | Killed a two-headed ogre
  3872 | D:8      | Reached skill level 9 in Unarmed Combat
  3926 | D:8      | Noticed a two-headed ogre
  3965 | D:8      | Noticed a two-headed ogre
  3983 | D:8      | Killed a two-headed ogre
  3983 | D:8      | Reached skill level 5 in Necromancy
  4006 | D:9      | Reached XP level 10. HP: 36/43 MP: 14/14
  4026 | D:9      | Found Keng's Antique Weapon Boutique.
  4116 | D:9      | Found Ewihym's Gadget Boutique.
  4195 | D:9      | Reached skill level 5 in Fighting
  4219 | D:9      | Found a white marble altar of Elyvilon.
  4260 | D:9      | Reached **** piety under Dithmenos
  4474 | D:9      | Reached skill level 5 in Invocations
  4505 | D:9      | Noticed a two-headed ogre
  4510 | D:9      | Killed a two-headed ogre
  4510 | D:9      | Reached skill level 10 in Unarmed Combat
  4530 | D:9      | Paralysed by a hornet for 2 turns
  4593 | D:10     | Entered Level 10 of the Dungeon
  4690 | D:10     | Found a staircase to the Lair.
  4793 | D:10     | Reached skill level 1 in Spellcasting
  4809 | D:10     | Found a staircase to the Orcish Mines.
  4976 | D:10     | Learned a level 5 spell: Blade Hands
  5018 | D:10     | Found a glowing golden altar of the Shining One.
  5049 | D:11     | Found Kyek Itt's Assorted Antiques.
  5055 | D:11     | Bought a potion of lignification for 99 gold pieces
  5055 | D:11     | Bought a potion of might for 132 gold pieces
  5096 | D:11     | Noticed a white ugly thing
  5108 | D:11     | Killed a white ugly thing
  5108 | D:11     | Reached skill level 1 in Transmutations
  5227 | D:11     | Noticed a two-headed ogre
  5231 | D:11     | Killed a two-headed ogre
  5231 | D:11     | Reached XP level 11. HP: 48/48 MP: 15/15
  5235 | D:11     | Noticed a fire giant
  5236 | D:11     | Noticed a flayed ghost
  5245 | D:11     | Killed a fire giant
  5249 | D:11     | Killed a flayed ghost
  5251 | D:11     | Noticed an ogre mage
  5315 | D:11     | Killed an ogre mage
  5387 | D:11     | Reached skill level 5 in Transmutations
  5516 | D:11     | Reached ***** piety under Dithmenos
  5736 | D:12     | Noticed a two-headed ogre
  5742 | D:12     | Killed a two-headed ogre
  5833 | D:13     | Noticed a cyan ugly thing
  5834 | D:13     | Noticed a four-headed hydra
  5855 | D:13     | Noticed Snorg
  5860 | D:13     | Killed Snorg
  6069 | D:13     | Noticed a brown ugly thing
  6099 | D:13     | Killed a purple ugly thing
  6102 | D:13     | Noticed a red ugly thing
  6247 | D:14     | Noticed a two-headed ogre
  6248 | D:14     | Noticed a red ugly thing
  6248 | D:14     | Noticed a red ugly thing
  6249 | D:14     | Noticed a red ugly thing
  6249 | D:14     | Noticed a red ugly thing
  6250 | D:14     | Killed a two-headed ogre
  6250 | D:14     | Reached skill level 5 in Spellcasting
  6253 | D:14     | Noticed a red ugly thing
  6333 | D:13     | Gained mutation: Your thick and shaggy fur keeps you warm. (AC +3, rC+) [Felid growth]
  6333 | D:13     | Reached XP level 12. HP: 32/51 MP: 20/20
  6455 | D:13     | Noticed a fire dragon
  6605 | D:12     | Noticed Nergalle
  7155 | Orc:1    | Entered Level 1 of the Orcish Mines
  7186 | D:10     | Slain by an orc
  7187 | D:10     | Reached XP level 11. HP: 0/48 MP: 16/21
  7596 | Orc:2    | Entered Level 2 of the Orcish Mines
  7682 | Orc:2    | Noticed an orc sorcerer
  7859 | Orc:1    | Noticed Maurice
  7878 | Orc:2    | Killed Maurice
  8081 | Orc:2    | Found a staircase to the Elven Halls.
  8216 | Orc:2    | Reached ****** piety under Dithmenos
  8303 | Orc:2    | Reached skill level 10 in Stealth
  8510 | Orc:2    | Found Duemnuka's General Store.
  8561 | Orc:2    | Noticed an orc high priest
  8561 | Orc:2    | Noticed an orc high priest
  8586 | Orc:2    | Killed an orc high priest
  8591 | Orc:2    | Killed an orc high priest
  8684 | Orc:2    | Noticed an orc knight
  8695 | Orc:2    | HP: 1/48 [orc knight/dire flail (22)]
  8698 | Orc:2    | Killed an orc knight
  8698 | Orc:2    | Reached skill level 11 in Unarmed Combat
  8746 | Orc:2    | Noticed an orc sorcerer
  8755 | Orc:2    | Noticed an orc sorcerer
  8761 | Orc:2    | Killed an orc sorcerer
  8764 | Orc:2    | Killed an orc sorcerer
  8775 | Orc:2    | Noticed an orc knight
  8786 | Orc:2    | Killed an orc knight
  8804 | Orc:2    | Noticed an orc sorcerer
  8836 | Orc:2    | Killed an orc sorcerer
  8836 | Orc:2    | Reached XP level 12. HP: 53/53 MP: 22/22
  8837 | Orc:2    | Noticed an orc high priest
  8842 | Orc:2    | Killed an orc high priest
  9025 | Orc:2    | Found Heddotal's Magic Scroll Boutique.
  9025 | Orc:2    | Found Vathricust's General Store.
  9026 | Orc:2    | Found Kydyhyle's Antique Armour Emporium.
  9026 | Orc:2    | Found Atupsox's General Store.
  9042 | Orc:2    | Bought a scroll of teleportation for 42 gold pieces
  9042 | Orc:2    | Bought a scroll of magic mapping for 49 gold pieces
  9042 | Orc:2    | Bought a scroll of teleportation for 42 gold pieces
  9052 | Orc:2    | Bought a scroll of identify for 28 gold pieces
  9052 | Orc:2    | Bought a potion of ambrosia for 112 gold pieces
  9052 | Orc:2    | Bought a scroll of identify for 28 gold pieces
  9054 | Orc:2    | Bought an uncursed amulet of magic regeneration for 420 gold pieces
  9054 | Orc:2    | Bought a scroll of teleportation for 42 gold pieces
  9306 | D:8      | Killed a two-headed ogre
  9354 | D:8      | Noticed Erica
  9366 | D:8      | Killed Erica
  9401 | D:8      | Slain by an orc warrior
  9402 | D:8      | Reached XP level 11. HP: -2/49 MP: 14/21
  9670 | D:6      | Found a staircase to the Ecumenical Temple.
  9701 | D:6      | Killed Dowan
  9748 | D:5      | Bought a potion of curing for 39 gold pieces
  9748 | D:5      | Bought 2 potions of heal wounds for 130 gold pieces
  9748 | D:5      | Bought a scroll of identify for 26 gold pieces
  9774 | D:5      | Bought a scroll of fog for 28 gold pieces
  9774 | D:5      | Bought a scroll of teleportation for 42 gold pieces
  9774 | D:5      | Bought a scroll of blinking for 105 gold pieces
  9774 | D:5      | Bought a scroll of blinking for 105 gold pieces
  9774 | D:5      | Bought a scroll of fog for 28 gold pieces
  9792 | D:5      | Bought a scroll of blinking for 90 gold pieces
  9792 | D:5      | Bought a scroll of teleportation for 36 gold pieces
  9792 | D:5      | Bought a scroll of blinking for 90 gold pieces
  9792 | D:5      | Bought 3 scrolls of teleportation for 108 gold pieces
  9946 | Lair:1   | Entered Level 1 of the Lair of Beasts
  9951 | Lair:1   | Noticed Prince Ribbit
  9960 | Lair:1   | Killed Prince Ribbit
  9960 | Lair:1   | Reached skill level 10 in Dodging
 10029 | Lair:1   | Noticed a seven-headed hydra
 10035 | Lair:1   | Noticed Fannar
 10045 | Lair:1   | Killed Fannar
 10076 | Lair:1   | You fall through a shaft!
 10088 | Lair:2   | Found a dark tunnel.
 10096 | Volcano  | Entered a volcano
 10198 | Volcano  | Noticed an obsidian statue
 10200 | Volcano  | Found a radiant altar of Vehumet.
 10200 | Volcano  | Noticed a centaur warrior
 10200 | Volcano  | Noticed a red draconian
 10203 | Volcano  | Noticed a sixfirhy
 10203 | Volcano  | Killed a centaur warrior
 10377 | Lair:3   | Reached skill level 12 in Unarmed Combat
 10405 | Lair:3   | Found a staircase to the Shoals.
 10414 | Lair:3   | Reached XP level 12. HP: 54/54 MP: 22/22
 10512 | Lair:2   | Noticed a death yak
 10541 | Lair:3   | Noticed a death yak
 10541 | Lair:3   | Noticed a death yak
 10542 | Lair:3   | Noticed a death yak
 10543 | Lair:3   | Noticed a death yak
 11095 | Lair:5   | Noticed a four-headed hydra
 11139 | Lair:5   | Noticed an eight-headed hydra
 11258 | Lair:5   | Noticed a four-headed hydra
 11288 | Lair:6   | Entered Level 6 of the Lair of Beasts
 11300 | Lair:6   | Found a frozen archway.
 11364 | IceCv    | Entered an ice cave
 11543 | IceCv    | Reached XP level 13. HP: 51/58 MP: 20/23
 11699 | IceCv    | Noticed a frost giant
 11716 | IceCv    | Reached skill level 13 in Unarmed Combat
 11808 | IceCv    | Killed a frost giant
 11832 | IceCv    | :)
 12273 | Lair:6   | Mangled by a komodo dragon
 12274 | Lair:6   | Reached XP level 12. HP: -10/56 MP: 12/22
 12587 | Lair:4   | Noticed a six-headed hydra
 12699 | Lair:4   | You fall through a shaft for 2 floors!
 12829 | Lair:5   | Found a staircase to the Slime Pits.
 12931 | Lair:3   | Killed a death yak
 12931 | Lair:3   | Reached XP level 13. HP: 60/60 MP: 12/23
 13155 | Elf:1    | Entered Level 1 of the Elven Halls
 13191 | Elf:1    | Noticed Aizul
 13220 | Elf:1    | Found Houj's Magic Scroll Emporium.
 13311 | Elf:1    | Found Kapsale's Food Shoppe.
 13337 | Elf:1    | Bought a scroll of blinking for 112 gold pieces
 13337 | Elf:1    | Bought a scroll of magic mapping for 52 gold pieces
 13384 | Elf:1    | Found Tualaaha's Armour Shoppe.
 13460 | Elf:1    | Found Pegaor Xore's Armour Shop.
 13472 | Elf:1    | Noticed Roxanne
 13522 | Elf:1    | Killed Roxanne
 13522 | Elf:1    | Reached skill level 14 in Unarmed Combat
 13523 | Elf:1    | Identified Roxanne's Compendium of Transformation (You took it off Roxanne on level 1 of the Elven Halls)
 13531 | Elf:1    | Learned a level 6 spell: Statue Form
 13552 | Elf:1    | Reached skill level 1 in Earth Magic
 13839 | Elf:2    | Noticed a deep elf demonologist
 13843 | Elf:2    | Killed a deep elf demonologist
 13933 | Elf:2    | Reached skill level 10 in Transmutations
 13935 | Elf:2    | Found a runed gate.
 13935 | Elf:2    | Found a runed gate.
 13935 | Elf:2    | Found a runed gate.
 14015 | Elf:2    | Noticed a deep elf sorcerer
 14021 | Elf:2    | Killed a deep elf sorcerer
 14117 | Elf:3    | Entered Level 3 of the Elven Halls
 14121 | Elf:3    | Reached skill level 5 in Earth Magic
 14127 | Elf:3    | Reached XP level 14. HP: 49/64 MP: 19/24
 14299 | Elf:3    | Noticed Nikola
 14305 | Elf:3    | Killed Nikola
 14313 | Elf:3    | Found Peantemi's Jewellery Shoppe.
 14315 | Elf:3    | Found Yfoiffof's Gadget Shop.
 14316 | Elf:3    | Found Yteuppuo's Jewellery Shoppe.
 14497 | Elf:1    | Found Mostig's Antique Weapon Emporium.
 14637 | Elf:1    | Killed Aizul
 14988 | Elf:1    | Reached skill level 10 in Earth Magic
 15051 | Elf:1    | Learned a level 5 spell: Borgnjor's Vile Clutch
 15138 | Elf:1    | Reached XP level 15. HP: 67/67 MP: 19/25
 15264 | Elf:1    | Bought a scroll of fog for 30 gold pieces
 15377 | Elf:3    | Bought the ring "Baxay" {MR+ Str+7 Slay+3 SInv Stlth+} for 924 gold pieces
 15504 | Elf:3    | Noticed Bai Suzhen
 15564 | Elf:3    | Killed Bai Suzhen
 15671 | Elf:3    | Noticed a deep elf blademaster
 15686 | Elf:3    | HP: 4/87 [deep elf blademaster/enchanted rapier (4)]
 15686 | Elf:3    | Mangled by a deep elf blademaster
 15687 | Elf:3    | Reached XP level 14. HP: -8/83 MP: 16/25
 15828 | Elf:3    | Noticed a balrug
 15836 | Elf:3    | Killed a deep elf blademaster
 15895 | Elf:3    | Noticed a deep elf sorcerer
 15911 | Elf:3    | Killed a deep elf sorcerer
 15931 | Elf:3    | Noticed a deep elf elementalist
 15940 | Elf:3    | Killed a deep elf elementalist
 15973 | Elf:3    | Noticed a deep elf elementalist
 15982 | Elf:3    | Killed a deep elf elementalist
 16040 | Elf:3    | Noticed a deep elf master archer
 16043 | Elf:3    | Killed a deep elf master archer
 16044 | Elf:3    | Noticed a deep elf blademaster
 16046 | Elf:3    | Killed a deep elf blademaster
 16070 | Elf:3    | Noticed a deep elf elementalist
 16072 | Elf:3    | Killed a deep elf elementalist
 16089 | Elf:3    | Noticed a deep elf sorcerer
 16108 | Elf:3    | Killed a deep elf sorcerer
 16111 | Elf:3    | Reached XP level 15. HP: 67/67 MP: 25/28
 16153 | Elf:3    | Noticed a deep elf master archer
 16222 | Elf:3    | Shot with an arrow by a deep elf master archer

Vault maps used:
D:1:      minmay_arrival_glassed_features
D:3:      nicolae_overflow_crystal_walls, marbit_many_paths, fedhas_altar_2,
          uniq_natasha, uniq_jessica
D:4:      kennysheep_mini_moat, lemuel_doored_altar, kennysheep_little_box,
          tso_oasis_becter, first_ration, portal_sewer_entry_c, uniq_ijyb,
          uniq_robin, uniq_grinder
D:5:      serial_shops, nicolae_shop_stone,
          nicolae_shop_competitors_out_of_business, nicolae_shop_statue_plus,
          kennysheep_mini, shop, serial_glass, glass_columns_a, glass_columns_c,
          glass_columns_a, glass_columns_b, glass_columns_a, glass_columns_a
D:6:      chequers_temple_overflow_minitemple,
          minmay_temple_entry_enclosed_plants, uniq_duvessa, uniq_eustachio
D:7:      uniq_joseph
D:8:      slow_altar_2, uniq_erica
D:9:      overflow_temple_1_default, overflow_temple_1_default, serial_shops,
          nicolae_shop_stone, nicolae_shop_crystal
D:10:     lair_entry_dummy, kennysheep_orc_monster_closet_entryway,
          serial_shops, shop, hangedman_pestilent_swarm, tso_altar
D:11:     minmay_mutant_horseshoe, serial_shops, shop_fountains
D:12:     serial_corexii_hall, corexii_hall_statues_x, corexii_hall_statues_t,
          uniq_nergalle
D:13:     minmay_the_grid_triangle_9x9_recursive_2_mashed, uniq_urug,
          uniq_kirke, uniq_snorg
D:14:     david_vaults_1, minmay_stone_trees_small, uniq_frances
Lair:1:   grunt_megastairs_4, uniq_prince_ribbit2, uniq_fannar
Lair:2:   guppyfry_snake_entry_garden, enter_volcano_1, nzn_random_ring
Lair:3:   minmay_shoals_entry_beasts, minmay_lair_oklob_chamber
Lair:4:   grunt_megastairs_3
Lair:5:   dpeg_slime_entry_corner, serial_bayou_crossing, serial_bayou_shore_a
Lair:6:   cheibrodos_lair_end_hotspot, portal_ice_cave_entry_ice_beasts,
          wad_woods_02
Orc:1:    minmay_goldmine, uniq_maurice
Orc:2:    st_orc_elflike, serial_shops, nicolae_shop_behind_doors,
          nicolae_orc_stony_grotto
Elf:1:    hangedman_cross_veins, serial_shops, nicolae_shop_trees, shop,
          shop_coins, shop_fountains, shop, orc_legates, uniq_roxanne,
          uniq_aizul, uniq_azrael
Elf:3:    elf_hall, grunt_megastairs_2, minmay_shop_grove,
          basic_stair_grate_trap, uniq_nikola, uniq_bai_suzhen
Sewer:    sewer_co_purgy_island
IceCv:    ice_cave_caverns_03
Volcano:  volcano_grotto

Skill      XL: |  1  2  3  4  5  6  7  8  9 10 11 12 13 14 15 |
---------------+----------------------------------------------+-----
Stealth        | 3 4 5 6 8 9 10 12 13 | 13.8
Dodging        | 2 3 4 5 6 7 8 10 12 | 12.6
Unarmed Combat | 5 6 7 8 9 10 12 14 | 14.3
Invocations    | 2 3 4 5 7 9 |  9.0
Necromancy     | 2 5 8 9 |  9.0
Fighting       | 4 5 7 8 9 |  9.4
Spellcasting   | 2 5 6 8 |  8.0
Transmutations | 2 8 9 10 | 10.1
Earth Magic    | 5 12 11 | 12.6

Action                   |  1- 3 |  4- 6 |  7- 9 | 10-12 | 13-15 || total
-------------------------+-------+-------+-------+-------+-------++-------
Melee: Unarmed           |    94 |   153 |   288 |  1164 |   610 ||  2309
       Punch             |     1 |     2 |     6 |    63 |    32 ||   104
       Bite              |     5 |     6 |    23 |    77 |    55 ||   166
 Cast: Vampiric Draining |       |       |       |   108 |     9 ||   117
       Regeneration      |       |       |       |    42 |    85 ||   127
       Blade Hands       |       |       |       |    34 |    32 ||    66
       Statue Form       |       |       |       |       |    24 ||    24
Invok: Shadow Step       |       |       |       |     1 |     9 ||    10
 Abil: End Transformatio |       |       |       |     8 |    33 ||    41
Evoke: Wand              |       |     1 |    23 |    28 |    18 ||    70
       Sack of spiders   |       |       |       |       |     7 ||     7
       Fan of gales      |       |       |       |       |     1 ||     1
  Use: Potion            |     2 |     3 |     2 |    10 |     9 ||    26
       Scroll            |       |     6 |     3 |    21 |    12 ||    42
 Stab: Sleeping          |     2 |     9 |    16 |    81 |    33 ||   141
       Paralysed         |       |       |     7 |     5 |       ||    12
       Distracted        |       |       |       |     4 |     4 ||     8
       Invisible         |       |       |       |       |     9 ||     9
  Eat: Chunk             |     7 |     1 |     5 |    43 |    43 ||    99
Armor: Skin              |     5 |    18 |     7 |    44 |    81 ||   155
Dodge: Dodged            |    68 |   107 |   220 |  1116 |   487 ||  1998

Table legend:
 A = Spawn XP
 B = Non-spawn XP
 C = Spawn XP percentage of total XP
 D = Spawn monster count
 E = Non-spawn monster count
 F = Spawn count percentage of total count
 G = Total turns spent on level
                    A         B        C        D         E        F      G
               +---------+---------+-------+---------+---------+-------+---------
         Total |       0 |  199891 |   0.0 |       0 |     715 |   0.0 | 16222
               +---------+---------+-------+---------+---------+-------+---------
           D:1 |       0 |      47 |   0.0 |       0 |      23 |   0.0 |   685
           D:2 |       0 |      44 |   0.0 |       0 |      18 |   0.0 |   465
           D:3 |       0 |     133 |   0.0 |       0 |      14 |   0.0 |   285
           D:4 |       0 |     901 |   0.0 |       0 |      41 |   0.0 |   771
           D:5 |       0 |     300 |   0.0 |       0 |      20 |   0.0 |   542
           D:6 |       0 |     618 |   0.0 |       0 |      20 |   0.0 |   465
           D:7 |       0 |    1298 |   0.0 |       0 |      13 |   0.0 |   742
           D:8 |       0 |    4616 |   0.0 |       0 |      30 |   0.0 |   472
           D:9 |       0 |    3816 |   0.0 |       0 |      40 |   0.0 |   667
          D:10 |       0 |    2577 |   0.0 |       0 |      38 |   0.0 |   977
          D:11 |       0 |    7116 |   0.0 |       0 |      29 |   0.0 |   742
          D:12 |       0 |    1911 |   0.0 |       0 |       7 |   0.0 |   330
          D:13 |       0 |    3758 |   0.0 |       0 |      19 |   0.0 |   487
          D:14 |       0 |     959 |   0.0 |       0 |       3 |   0.0 |   187
        Lair:1 |       0 |    2657 |   0.0 |       0 |       9 |   0.0 |   146
        Lair:2 |       0 |     382 |   0.0 |       0 |       1 |   0.0 |    88
        Lair:3 |       0 |    6492 |   0.0 |       0 |      14 |   0.0 |   371
        Lair:4 |       0 |    7631 |   0.0 |       0 |      35 |   0.0 |   724
        Lair:5 |       0 |    3371 |   0.0 |       0 |      10 |   0.0 |   255
        Lair:6 |       0 |   15023 |   0.0 |       0 |      48 |   0.0 |   852
         Orc:1 |       0 |    1233 |   0.0 |       0 |      22 |   0.0 |   525
         Orc:2 |       0 |   11340 |   0.0 |       0 |      66 |   0.0 |  1511
         Elf:1 |       0 |   47408 |   0.0 |       0 |      74 |   0.0 |  1392
         Elf:2 |       0 |   10081 |   0.0 |       0 |      23 |   0.0 |   432
         Elf:3 |       0 |   52428 |   0.0 |       0 |      38 |   0.0 |  1243
         Sewer |       0 |     137 |   0.0 |       0 |       9 |   0.0 |   171
         IceCv |       0 |   12104 |   0.0 |       0 |      47 |   0.0 |   491
       Volcano |       0 |    1510 |   0.0 |       0 |       4 |   0.0 |   204
               +---------+---------+-------+---------+---------+-------+---------
